 Dungeon Crawl Stone Soup version 0.23.2-30-g0e89c35649 (webtiles) character file.

Game seed: 16414356194640766826

1499 Ceapi the Spear-Bearer (level 8, -6/68 HPs)
             Began as a Hill Orc Berserker on June 7, 2019.
             Was a Priest of Trog.
             Mangled by an orc knight
             ... wielding a +0 war axe
              (11 damage)
             ... in a bailey.
             The game lasted 00:31:16 (5598 turns).

Ceapi the Spear-Bearer (Hill Orc Berserker)         Turns: 5598, Time: 00:31:16

Health: -6/68      AC:  8    Str: 22    XL:     8   Next: 81%
Magic:  8/8        EV: 11    Int:  7    God:    Trog [***...]
Gold:   290        SH:  0    Dex: 10    Spells: 7/7 levels left

rFire    . . .     SeeInvis +   f - +1 trident (protect)
rCold    . . .     Gourm    .   (no shield)
rNeg     + . .     Faith    .   l - +0 ring mail
rPois    .         Spirit   .   o - +0 helmet
rElec    .         Reflect  .   m - +0 cloak
rCorr    .         Harm     .   (no gloves)
MR       ++...                  (no boots)
Stlth    +.........             (no amulet)
HPRegen  1.21/turn              i - ring of positive energy
MPRegen  0.11/turn              g - ring of see invisible

@: berserk cooldown, regenerating, slowed, very slow
A: no striking features
a: Berserk, Trog's Hand, Renounce Religion


You were in a bailey.
You worshipped Trog.
Trog was most pleased with you.
You were near starving.

You visited 1 branch of the dungeon, and saw 7 of its levels.
You also visited: Bailey.

You collected 290 gold pieces.

Inventory:

Hand Weapons
 f - a +1 trident of protection (weapon)
Armour
 l - a +0 ring mail (worn)
 m - a +0 cloak (worn)
 o - a +0 helmet (worn)
Jewellery
 d - an uncursed ring of resist corrosion
 g - a ring of see invisible (right hand)
 i - a ring of positive energy (left hand)
Wands
 x - a wand of paralysis (7)
Scrolls
 b - 4 scrolls of identify {unknown}
 e - 3 scrolls of teleportation {unknown}
 h - 2 scrolls of random uselessness {unknown}
 j - 3 scrolls of remove curse {unknown}
 p - a scroll of fear {unknown}
 r - a scroll of magic mapping {unknown}
 v - a scroll of noise {unknown}
 y - a scroll of amnesia {unknown}
 z - a scroll of silence {unknown}
Potions
 a - 2 potions of heal wounds {unknown}
 c - a potion of flight {unknown}
 k - 3 potions of lignification {unknown}
 q - a potion of berserk rage {unknown}
 s - 2 potions of resistance
 u - a potion of mutation {unknown}
 w - a potion of cancellation {unknown}
Comestibles
 n - 8 rations
 t - 5 chunks of flesh


   Skills:
 - Level 5.2 Fighting
   Level 5.5(9.2) Axes
 + Level 9.6(10.1) Polearms
 - Level 3.5 Armour
 - Level 2.5 Dodging
 - Level 1.0 Stealth


You had 7 spell levels left.
You didn't know any spells.
Your spell library was empty.

Dungeon Overview and Level Annotations

Branches:
Dungeon (8/15)
 Temple: D:4-7         Lair: D:8-11

Altars:
Cheibriados
Makhleb
Okawaru
Sif Muna
Trog
The Shining One


Message History

You hit the orc knight but do no damage.
The orc knight is moderately wounded.
Your skin crawls.
You feel resistant to hostile enchantments.
You are near starving!
The orc no longer looks unusually strong.
The orc knight roars a battlecry!
The orc goes into a battle-frenzy!
A kobold comes into view.
The orc knight hits you with a +0 war axe!!
* * * LOW HITPOINT WARNING * * *
The kobold shouts!
You hear a shout! x2
You barely miss the orc knight.
The orc knight is moderately wounded.
The orc knight barely misses you.
A kobold comes into view.
You completely miss the orc knight.
The orc knight is moderately wounded.
The orc knight hits you with a +0 war axe!
You die...

### ##8##
##.∩.##
#8^^.8#
##.∩(## ##@##
#∩.KK≈o≈...∩#
#K###≈g≈###'#
K≈o≈. ##≈o≈##


K≈g≈K #≈g≈# K≈g≈. You could see an orc knight, an orc warrior, 2 gnolls, an orc,
2 hobgoblins and 7 kobolds.

Vanquished Creatures
  A gargoyle (D:8)
  A hungry ghost (D:7)
  4 orc warriors
  A hound (D:8)
  Crazy Yiuf (D:3)
  A gnoll shaman (D:5)
  An orc priest (D:7)
  An iron imp (D:8)
  3 orc wizards
  A centaur skeleton (D:7)
  Natasha (thrice) (D:2)
  An iguana (D:4)
  Terence (D:2)
  A killer bee zombie (D:4)
  A hound zombie (D:8)
  A hound skeleton (D:4)
  8 gnolls
  8 adders
  A shadow imp (D:8)
  An ooze (D:4)
  2 worms
  3 dart slugs
  22 orcs
  4 bats
  4 giant cockroaches
  3 goblins
  4 hobgoblins
  8 jackals
  8 kobolds
  2 quokkas
  A ball python (D:1)
  7 frilled lizards
  3 goblin skeletons (D:8)
  2 goblin zombies (D:8)
  4 hobgoblin zombies (D:8)
  A jackal skeleton (D:4)
  2 kobold skeletons (D:8)
  2 kobold zombies (D:8)
  A quokka skeleton (D:4)
  4 rats
128 creatures vanquished.

Notes
Turn   | Place    | Note
-------+----------+-------------------------------------------
     0 | D:1      | Ceapi the Hill Orc Berserker began the quest for the Orb.
     0 | D:1      | Reached XP level 1. HP: 19/19 MP: 1/1
   289 | D:1      | Reached XP level 2. HP: 22/27 MP: 2/2
   752 | D:1      | Reached XP level 3. HP: 25/33 MP: 3/3
   974 | D:2      | Reached skill level 5 in Axes
  1650 | D:2      | Noticed Terence
  1675 | D:2      | Killed Terence
  1675 | D:2      | Reached XP level 4. HP: 37/41 MP: 4/4
  1983 | D:2      | Noticed Natasha
  1992 | D:2      | Killed Natasha
  2216 | D:2      | Found a burning altar of Makhleb.
  2216 | D:2      | Noticed Natasha
  2232 | D:2      | Killed Natasha
  2232 | D:2      | Reached XP level 5. HP: 24/47 MP: 5/5
  2538 | D:2      | Noticed Natasha
  2551 | D:2      | Killed Natasha
  2551 | D:2      | Reached skill level 1 in Polearms
  2847 | D:3      | Reached ** piety under Trog
  2882 | D:3      | Found a runed translucent door.
  2888 | D:3      | Noticed Crazy Yiuf
  2895 | D:3      | Killed Crazy Yiuf
  2895 | D:3      | Reached skill level 5 in Fighting
  3072 | D:3      | Reached skill level 2 in Polearms
  3253 | D:3      | Found a deep blue altar of Sif Muna.
  3265 | D:3      | Reached XP level 6. HP: 37/56 MP: 6/6
  3538 | D:3      | Found a snail-covered altar of Cheibriados.
  3684 | D:4      | Reached skill level 3 in Polearms
  4004 | D:4      | Reached skill level 4 in Polearms
  4274 | D:5      | Entered Level 5 of the Dungeon
  4363 | D:5      | Reached XP level 7. HP: 60/61 MP: 7/7
  4402 | D:5      | Reached *** piety under Trog
  4409 | D:5      | Reached skill level 1 in Stealth
  4665 | D:5      | You fall through a shaft for 3 floors!
  4666 | D:8      | Noticed a gargoyle
  4674 | D:8      | Killed a gargoyle
  4674 | D:8      | Reached skill level 6 in Polearms
  4965 | D:8      | Reached XP level 8. HP: 63/68 MP: 8/8
  4968 | D:8      | Reached skill level 7 in Polearms
  5123 | D:8      | Found an iron altar of Okawaru.
  5179 | D:8      | Found a glowing golden altar of the Shining One.
  5425 | D:7      | Reached skill level 8 in Polearms
  5445 | D:7      | Found a bloodstained altar of Trog.
  5458 | D:7      | Reached skill level 9 in Polearms
  5533 | D:7      | Found a flagged portal.
  5542 | Bailey   | Entered a bailey
  5574 | Bailey   | Noticed an orc knight
  5596 | Bailey   | HP: 2/68 [orc knight/+0 war axe (23)]
  5598 | Bailey   | Mangled by an orc knight

Skill      XL: |  1  2  3  4  5  6  7  8 |
---------------+-------------------------+-----
Fighting       | 4 5 |  5.2
Axes           | 5 |  5.5
Dodging        | 2 |  2.5
Polearms       | 2 4 6 9 |  9.6
Armour         | 3 |  3.5
Stealth        | 1 |  1.0

Action                   |  1- 3 |  4- 6 |  7- 9 || total
-------------------------+-------+-------+-------++-------
Melee: Hand axe          |    98 |       |       ||    98
       Trident           |       |   183 |   199 ||   382
Invok: Berserk           |     2 |     4 |     5 ||    11
       Trog's Hand       |       |       |     1 ||     1
  Eat: Chunk             |     3 |     7 |    10 ||    20
       Ration            |       |     2 |       ||     2
Armor: Animal skin       |     8 |       |       ||     8
       Leather armour    |     9 |       |       ||     9
       Ring mail         |       |    89 |    67 ||   156
Dodge: Dodged            |    71 |    86 |    90 ||   247
